MLB
TAMPA BAY RAYS @ TORONTO BLUE JAYS
09/28/2019
 
TOP OF THE 1ST
Los Angeles Dodgers batting - Pitching for San Francisco Giants : LHP Caleb Smith
Pitching: LHP Caleb Smith
Batting: RHB Jose Peraza 0-0: Swinging Strike
0-1: Bunt for hit to 13S - play at first, batter OUT! 1-3
Batting: RHB Mookie Betts 0-0: Called Strike
0-1: Ball
1-1: Swinging Strike
1-2: SINGLE (Flyball, 8RS, EV 86.3 MPH)
Batting: RHB Jonathan Schoop 0-0: Called Strike
0-1: Grounds into double play, 5-4-3 (Groundball, 5S, EV 86.9 MPH)
Top of the 1st over - 0 runs, 1 hit, 0 errors, 0 left on base; Los Angeles 0 - San Francisco 0
BOTTOM OF THE 1ST
San Francisco Giants batting - Pitching for Los Angeles Dodgers : RHP Jeff Samardzija
Pitching: RHP Jeff Samardzija
Batting: RHB Jose Iglesias 0-0: Ground out 4-3 (Groundball, 4, EV 85.6 MPH)
Batting: LHB Tyler Naquin 0-0: Called Strike
0-1: Ball
1-1: Foul Ball, location: 2F
1-2: Ball
2-2: Reached on error, E3 (Line Drive, 4, EV 75.0 MPH)
Batting: LHB Anthony Rizzo 0-0: Called Strike
0-1: Ball
1-1: Ball
2-1: Ball
3-1: Fly out, F6 (Popup, 6, EV 57.5 MPH)
Batting: LHB Kyle Schwarber 0-0: Ball
1-0: Ball
2-0: Ball
3-0: Base on Balls
Tyler Naquin to second
Batting: LHB Kyle Seager 0-0: Called Strike
0-1: Ball
1-1: Called Strike
1-2: Foul Ball, location: 2F
1-2: Ball
2-2: Fly out, F7 (Flyball, 7, EV 94.4 MPH)
Bottom of the 1st over - 0 runs, 0 hits, 1 error, 2 left on base; Los Angeles 0 - San Francisco 0
TOP OF THE 2ND
Los Angeles Dodgers batting - Pitching for San Francisco Giants : LHP Caleb Smith
Batting: LHB Brian Goodwin 0-0: Ball
1-0: Called Strike
1-1: Ball
2-1: Ball
3-1: Foul Ball, location: 2F
3-2: Base on Balls
Batting: RHB Josh Donaldson 0-0: Ball
1-0: Ball
2-0: Foul Ball, location: 2F
2-1: Fly out, F6 (Line Drive, 6, EV 73.1 MPH)
Batting: RHB Randal Grichuk 0-0: Called Strike
0-1: Ball
1-1: Foul Ball, location: 2F
1-2: Fly out, F7 (Flyball, 7S, EV 91.3 MPH)
Batting: SHB Justin Smoak 0-0: Ball
1-0: Fly out, F8 (Flyball, 8RM, EV 86.3 MPH)
Top of the 2nd over - 0 runs, 0 hits, 0 errors, 1 left on base; Los Angeles 0 - San Francisco 0
BOTTOM OF THE 2ND
San Francisco Giants batting - Pitching for Los Angeles Dodgers : RHP Jeff Samardzija
Batting: LHB Daniel Palka 0-0: Ball
1-0: Ball
2-0: Swinging Strike
2-1: Foul Ball, location: 2F
2-2: Strikes out swinging
Batting: LHB Miguel Montero 0-0: Ball
1-0: Foul Ball, location: 2F
1-1: Called Strike
1-2: Foul Ball, location: 2F
1-2: Foul Ball, location: 2F
1-2: Strikes out swinging
Batting: RHB Dustin Pedroia 0-0: Called Strike
0-1: Ball
1-1: Ground out 4-3 (Groundball, 4, EV 106.3 MPH)
Bottom of the 2nd over - 0 runs, 0 hits, 0 errors, 0 left on base; Los Angeles 0 - San Francisco 0
TOP OF THE 3RD
Los Angeles Dodgers batting - Pitching for San Francisco Giants : LHP Caleb Smith
Batting: RHB Evan Gattis 0-0: DOUBLE (Flyball, 78XD, EV 105.6 MPH)
Batting: RHB Jeff Samardzija 0-0: Sac Bunt to 3S - play at first, batter OUT! 3-4
Evan Gattis to third
Batting: RHB Jose Peraza 0-0: Called Strike
0-1: Ball
1-1: Ball
2-1: Ball
3-1: 2-RUN HOME RUN (Flyball, 7D, EV 90.6 MPH), Distance : 380 ft
Batting: RHB Mookie Betts 0-0: Foul Ball, location: 2F
0-1: Ball
1-1: Foul Ball, location: 2F
1-2: Foul Ball, location: 2F
1-2: Foul Ball, location: 2F
1-2: Foul Ball, location: 5F, Error on foul ball, E5
1-2: Ball
2-2: SINGLE (Line Drive, 9LM, EV 106.3 MPH)
Batting: RHB Jonathan Schoop 0-0: Swinging Strike
0-1: Ball
1-1: Ball
2-1: Ball
Mookie Betts is caught stealing 2nd base 2-4
3-1: Ground out 5-3 (Groundball, 5, EV 88.8 MPH)
Top of the 3rd over - 2 runs, 3 hits, 1 error, 0 left on base; Los Angeles 2 - San Francisco 0
BOTTOM OF THE 3RD
San Francisco Giants batting - Pitching for Los Angeles Dodgers : RHP Jeff Samardzija
Batting: RHB Caleb Smith 0-0: Ball
1-0: Foul Ball, location: 2F
1-1: Foul Ball, location: 2F
1-2: Foul Ball, location: 2F
1-2: Ball
2-2: Ball
3-2: Foul Ball, location: 2F
3-2: Foul Ball, location: 2F
3-2: Strikes out swinging
Batting: RHB Jose Iglesias 0-0: Ball
1-0: Ball
2-0: Swinging Strike
2-1: Ground out 1-3 (Groundball, 13S, EV 63.1 MPH)
Batting: LHB Tyler Naquin 0-0: Called Strike
0-1: Called Strike
0-2: Strikes out swinging
Bottom of the 3rd over - 0 runs, 0 hits, 0 errors, 0 left on base; Los Angeles 2 - San Francisco 0
TOP OF THE 4TH
Los Angeles Dodgers batting - Pitching for San Francisco Giants : LHP Caleb Smith
Batting: LHB Brian Goodwin 0-0: Ball
1-0: Ball
2-0: Called Strike
2-1: Fly out, F7 (Line Drive, 7, EV 102.5 MPH)
Batting: RHB Josh Donaldson 0-0: Ball
1-0: Foul Ball, location: 2F
1-1: Foul Ball, location: 2F
1-2: Hit by Pitch
Batting: RHB Randal Grichuk 0-0: Called Strike
0-1: Ball
1-1: Called Strike
1-2: SINGLE (Flyball, 9S, EV 92.5 MPH)
Josh Donaldson to second
Batting: SHB Justin Smoak 0-0: Ball
1-0: Ball
2-0: Swinging Strike
2-1: Ball
3-1: Base on Balls
Josh Donaldson to third
Randal Grichuk to second
Batting: RHB Evan Gattis 0-0: Ball
1-0: Fly out, F5 (Popup, 56, EV 63.8 MPH)
Batting: RHB Jeff Samardzija 0-0: Ball
1-0: Called Strike
1-1: Foul Ball, location: 2F
1-2: Ball
2-2: SINGLE (Line Drive, 56D, EV 93.8 MPH)
Josh Donaldson scores
Randal Grichuk to third
Justin Smoak to second
Batting: RHB Jose Peraza 0-0: Ball
1-0: Called Strike
1-1: Ball
2-1: Foul Ball, location: 2F
2-2: Foul Ball, location: 2F
2-2: Strikes out swinging
Top of the 4th over - 1 run, 2 hits, 0 errors, 3 left on base; Los Angeles 3 - San Francisco 0
BOTTOM OF THE 4TH
San Francisco Giants batting - Pitching for Los Angeles Dodgers : RHP Jeff Samardzija
Batting: LHB Anthony Rizzo 0-0: Ball
1-0: Called Strike
1-1: Foul Ball, location: 2F
1-2: Ground out 4-3 (Groundball, 4, EV 93.8 MPH)
Batting: LHB Kyle Schwarber 0-0: Fly out, F8 (Line Drive, 8RD, EV 109.4 MPH)
Batting: LHB Kyle Seager 0-0: DOUBLE (Line Drive, 7LM, EV 103.1 MPH)
Batting: LHB Daniel Palka 0-0: Ball
1-0: Reached on error, E4 (Groundball, 4M, EV 108.1 MPH)
Kyle Seager to third
Batting: LHB Miguel Montero 0-0: Ball
1-0: Ball
2-0: Foul Ball, location: 2F
2-1: Swinging Strike
2-2: Ground out 1-3 (Groundball, P, EV 80.0 MPH)
Bottom of the 4th over - 0 runs, 1 hit, 1 error, 2 left on base; Los Angeles 3 - San Francisco 0
TOP OF THE 5TH
Los Angeles Dodgers batting - Pitching for San Francisco Giants : LHP Caleb Smith
Pitching: RHP Chris Devenski
Batting: RHB Mookie Betts 0-0: SINGLE (Line Drive, 7S, EV 105.6 MPH)
Batting: RHB Jonathan Schoop 0-0: Called Strike
0-1: Ball
1-1: Ball
2-1: Foul Ball, location: 2F
2-2: Strikes out looking
Batting: LHB Brian Goodwin 0-0: Ball
1-0: Called Strike
1-1: Swinging Strike
1-2: Fielders Choice at 2nd, 5-4 (Groundball, 5, EV 84.4 MPH)
Batting: RHB Josh Donaldson 0-0: Ball
1-0: SINGLE (Groundball, 56D, EV 96.9 MPH)
Brian Goodwin to second
Batting: RHB Randal Grichuk 0-0: Ball
1-0: Foul Ball, location: 2F
1-1: Ball
2-1: Foul Ball, location: 2F
2-2: 3-RUN HOME RUN (Line Drive, 78XD, EV 98.8 MPH), Distance : 425 ft
Batting: SHB Justin Smoak 0-0: Ball
1-0: Swinging Strike
1-1: Ball
2-1: Ball
3-1: Base on Balls
Batting: RHB Evan Gattis 0-0: Ball
1-0: Called Strike
1-1: Swinging Strike
1-2: Strikes out looking
Top of the 5th over - 3 runs, 3 hits, 0 errors, 1 left on base; Los Angeles 6 - San Francisco 0
BOTTOM OF THE 5TH
San Francisco Giants batting - Pitching for Los Angeles Dodgers : RHP Jeff Samardzija
Batting: RHB Dustin Pedroia 0-0: Ball
1-0: Ball
2-0: Ball
3-0: Base on Balls
Pinch Hitting: RHB Hunter Dozier 0-0: Called Strike
0-1: Called Strike
0-2: Strikes out looking
Batting: RHB Jose Iglesias 0-0: SINGLE (Line Drive, 4MD, EV 96.3 MPH)
Dustin Pedroia to second
Batting: LHB Tyler Naquin 0-0: Called Strike
0-1: Foul Ball, location: 2F
0-2: SINGLE (Flyball, 89S, EV 94.4 MPH)
Dustin Pedroia to third
Jose Iglesias to second
Batting: LHB Anthony Rizzo 0-0: Swinging Strike
0-1: Ball
1-1: Called Strike
1-2: Ball
2-2: Ball
3-2: Fly out, F7 (Flyball, 7LM, EV 89.4 MPH)
Runner from 3rd tags up, SCORES, throw by LF
Pitching: RHP Scott Oberg
Now at C: Tony Wolters
Batting: LHB Kyle Schwarber 0-0: Called Strike
0-1: Foul Ball, location: 2F
0-2: Ball
1-2: Ball
2-2: Strikes out looking
Bottom of the 5th over - 1 run, 2 hits, 0 errors, 2 left on base; Los Angeles 6 - San Francisco 1
TOP OF THE 6TH
Los Angeles Dodgers batting - Pitching for San Francisco Giants : RHP Chris Devenski
Pitching: RHP Luke Leftwich
Batting: LHB Tony Wolters 0-0: Ball
1-0: Called Strike
1-1: Ball
2-1: Foul Ball, location: 2F
2-2: Foul Ball, location: 2F
2-2: Fly out, F7 (Flyball, 7D, EV 96.9 MPH)
Batting: RHB Jose Peraza 0-0: Ball
1-0: Foul Ball, location: 2F
1-1: SINGLE (Line Drive, 89S, EV 93.8 MPH)
Batting: RHB Mookie Betts 0-0: Ball
Jose Peraza steals 2nd base
1-0: Ball
2-0: DOUBLE (Line Drive, 78XD, EV 98.8 MPH)
Jose Peraza scores
Batting: RHB Jonathan Schoop 0-0: Ball
1-0: Swinging Strike
1-1: Called Strike
1-2: Ball
2-2: Strikes out swinging
Batting: LHB Brian Goodwin 0-0: Ball
1-0: Foul Ball, location: 2F
1-1: Ball
Wild Pitch!
Mookie Betts to third
2-1: Ball
3-1: Ground out 6-3 (Groundball, 6M, EV 88.1 MPH)
Top of the 6th over - 1 run, 2 hits, 0 errors, 1 left on base; Los Angeles 7 - San Francisco 1
BOTTOM OF THE 6TH
San Francisco Giants batting - Pitching for Los Angeles Dodgers : RHP Scott Oberg
Batting: LHB Kyle Seager 0-0: Called Strike
0-1: Swinging Strike
0-2: Strikes out swinging
Batting: LHB Daniel Palka 0-0: Ball
1-0: Called Strike
1-1: Ball
2-1: Ball
3-1: Foul Ball, location: 2F
3-2: Base on Balls
Batting: LHB Miguel Montero 0-0: Ball
Pickoff Throw to First - Out! 1-3
1-0: Swinging Strike
1-1: Called Strike
1-2: Foul Ball, location: 2F
1-2: Foul Ball, location: 2F
1-2: Ball
2-2: Ball
3-2: Base on Balls
Batting: RHB Dustin Pedroia 0-0: Called Strike
0-1: Ball
1-1: Ball
2-1: Fielders Choice at 2nd, 5-4 (Groundball, 56, EV 90.0 MPH)
Bottom of the 6th over - 0 runs, 0 hits, 0 errors, 1 left on base; Los Angeles 7 - San Francisco 1
TOP OF THE 7TH
Los Angeles Dodgers batting - Pitching for San Francisco Giants : RHP Luke Leftwich
Batting: RHB Josh Donaldson 0-0: Ball
1-0: Ball
2-0: Called Strike
2-1: Swinging Strike
2-2: Strikes out swinging
Batting: RHB Randal Grichuk 0-0: Called Strike
0-1: Fly out, F9 (Line Drive, 9D, EV 92.5 MPH)
Batting: SHB Justin Smoak 0-0: Ball
1-0: Fly out, F8 (Flyball, 8LD, EV 106.9 MPH)
Top of the 7th over - 0 runs, 0 hits, 0 errors, 0 left on base; Los Angeles 7 - San Francisco 1
BOTTOM OF THE 7TH
San Francisco Giants batting - Pitching for Los Angeles Dodgers : RHP Scott Oberg
Pinch Hitting: RHB Yairo Munoz 0-0: Called Strike
0-1: Ball
1-1: SINGLE (Groundball, 56D, EV 96.3 MPH)
Pitching: RHP Jonathan Holder
Batting: RHB Jose Iglesias 0-0: Ball
1-0: Ball
2-0: Foul Ball, location: 2F
2-1: Foul Ball, location: 2F
2-2: SINGLE (Groundball, 56D, EV 106.3 MPH)
Yairo Munoz to second
Batting: LHB Tyler Naquin 0-0: DOUBLE (Line Drive, 89XD, EV 101.9 MPH)
Yairo Munoz scores
Jose Iglesias to third
Pitching: RHP Yoshihisa Hirano
Batting: LHB Anthony Rizzo 0-0: Ball
1-0: Called Strike
1-1: Ball
2-1: Swinging Strike
2-2: Strikes out looking
Batting: LHB Kyle Schwarber 0-0: Ball
1-0: Ball
2-0: Ground out 4-3 (Groundball, 34, EV 103.8 MPH)
Jose Iglesias scores
Tyler Naquin to third
Batting: LHB Kyle Seager 0-0: Ball
1-0: Foul Ball, location: 2F
1-1: Called Strike
1-2: Strikes out swinging
Bottom of the 7th over - 2 runs, 3 hits, 0 errors, 1 left on base; Los Angeles 7 - San Francisco 3
TOP OF THE 8TH
Los Angeles Dodgers batting - Pitching for San Francisco Giants : RHP Luke Leftwich
Pitching: LHP Tony Watson
Pinch Hitting: LHB Brett Gardner 0-0: Ball
1-0: Ground out 6-3 (Groundball, 6, EV 80.6 MPH)
Batting: LHB Tony Wolters 0-0: Called Strike
0-1: Swinging Strike
0-2: Strikes out swinging
Batting: RHB Jose Peraza 0-0: Called Strike
0-1: Ball
1-1: Foul Ball, location: 2F
1-2: Strikes out swinging
Top of the 8th over - 0 runs, 0 hits, 0 errors, 0 left on base; Los Angeles 7 - San Francisco 3
BOTTOM OF THE 8TH
San Francisco Giants batting - Pitching for Los Angeles Dodgers : RHP Yoshihisa Hirano
Pitching: RHP Phil Maton
Batting: LHB Daniel Palka 0-0: Swinging Strike
0-1: Called Strike
0-2: Foul Ball, location: 2F
0-2: Strikes out looking
Batting: LHB Miguel Montero 0-0: Called Strike
0-1: Swinging Strike
0-2: Strikes out swinging
Batting: RHB Dustin Pedroia 0-0: Foul Ball, location: 2F
0-1: Ball
1-1: Ball
2-1: Ball
3-1: Foul Ball, location: 2F
3-2: Fly out, F8 (Flyball, 78M, EV 87.5 MPH)
Bottom of the 8th over - 0 runs, 0 hits, 0 errors, 0 left on base; Los Angeles 7 - San Francisco 3
TOP OF THE 9TH
Los Angeles Dodgers batting - [%F] Bottom of the 8th over - 0 runs, 2 hits, 0 errors, 3 left on base; Tampa Bay 4 - Toronto [%[%T] Top of the 9th - Tampa Bay Rays batting - Pitching for Toronto Blue Jays : RHP Danny Barnes
Pitching: RHP Trevor Rosenthal
Batting: LHB Michael Conforto 0-0: Foul Ball, location: 2F
0-1: Swinging Strike
0-2: Ball
1-2: Strikes out swinging
Batting: RHB Nelson Cruz 0-0: Ball
1-0: Called Strike
1-1: Swinging Strike
1-2: Strikes out looking
Batting: RHB Miguel Cabrera 0-0: Called Strike
0-1: Called Strike
0-2: Ball
1-2: SINGLE (Flyball, 89M, EV 89.4 MPH)
Batting: RHB Buster Posey 0-0: Foul Ball, location: 2F
0-1: Ball
1-1: DOUBLE (Groundball, 5L, EV 103.8 MPH)
Miguel Cabrera to third
Batting: RHB Xander Bogaerts 0-0: Foul Ball, location: 2F
0-1: Ball
1-1: Ball
2-1: Ball
3-1: Base on Balls
Pitching: RHP Ken Giles
Batting: RHB Marcell Ozuna 0-0: Called Strike
0-1: Called Strike
0-2: Ball
1-2: Ground out 1-3 (Groundball, P, EV 83.1 MPH)
Top of the 9th over - 0 runs, 2 hits, 0 errors, 3 left on base; Tampa Bay 4 - Toronto 6
Monday, January 6th, 2020 - OOTP Baseball 20.8 Build 73